 Dungeon Crawl Stone Soup version 0.27-a0-1196-g3e9cee4cb2 (webtiles) character file.

Game seed: 6798138410534327087

40 Kold the Sneak (level 3, 9/29 HPs)
             Began as a Demonspawn Delver on May 27, 2021.
             Quit the game on level 4 of the Dungeon.
             The game lasted 00:01:05 (424 turns).

Kold the Sneak (Demonspawn Delver)                   Turns: 424, Time: 00:01:05

Health: 9/29       AC:  3    Str: 12    XL:     3   Next: 30%
Magic:  3/3        EV: 12    Int: 11    God:
Gold:   91         SH:  0    Dex: 15    Spells: 2/2 levels left

rFire    . . .     SeeInvis .   a - +0 hand axe
rCold    . . .     Faith    .   (no shield)
rNeg     . . .     Spirit   .   b - +0 leather armour
rPois    .         Reflect  .   (no helmet)
rElec    .         Harm     .   (no cloak)
rCorr    .         Rampage  .   (no gloves)
Will     .....                  (no boots)
Stlth    +++.......             (no amulet)
HPRegen  0.09/turn              (no ring)
MPRegen  0.08/turn              (no ring)

@: attractive
A: demonic magic 1
a: no special abilities


You were on level 4 of the Dungeon.
You visited 1 branch of the dungeon, and saw 2 of its levels.

You collected 91 gold pieces.

Inventory:

Hand Weapons
 a - a +0 hand axe (weapon)
Armour
 b - a +0 leather armour (worn)
Wands
 g - a wand of digging (3)
Scrolls
 c - a scroll of fog
 d - a scroll of magic mapping
 e - a scroll of fear


   Skills:
 + Level 3.4 Fighting
 + Level 2.2 Axes
 + Level 2.2 Dodging
 + Level 4.8 Stealth


You had 2 spell levels left.
You didn't know any spells.
Your spell library contained the following spells:

 Spells                   Type           Power      Damage    Failure   Level
 Corona                   Hex            0%         N/A       41%         1
 Slow                     Hex            0%         N/A       56%         2
 Inner Flame              Hex/Fire       0%         N/A       80%         3
 Portal Projectile        Hex/Tloc       0%         N/A       80%         3
 Cause Fear               Hex            0%         N/A       99%         4
 Leda's Liquefaction      Hex/Erth       0%         N/A       99%         4


Dungeon Overview and Level Annotations

Branches:
Dungeon (5/15)
 Temple: D:4-7

Altars:


Innate Abilities, Weirdness & Mutations

Spells you cast may paralyse adjacent enemies.


Message History

You start resting.
Your extra speed is starting to run out.
You start resting.
You feel yourself slow down.
You start resting.
HP restored.
Okay, then.
Are you sure you want to abandon this character and quit the game? (Confirm with "yes".)
Okay, then.
An orc comes into view. It is wielding a +0 flail.
The orc shouts!
An orc is nearby!
An orc is nearby!
An orc comes into view. It is wielding a +0 club.
A hound comes into view.
The orc hits you with a +0 flail.
The orc shouts!
You hit the orc.
The orc is severely wounded.
The orc barely misses you.
You hit the orc.
You kill the orc!
The hound closely misses you. The hound bites you.
You hit the hound.
The hound is lightly wounded.
The hound bites you.
An endoplasm comes into view.
You closely miss the hound.
The hound is lightly wounded.
You closely miss the orc. The hound bites you. The orc hits you with a +0 club.
The hound closely misses you. The orc barely misses you.
You are too injured to fight recklessly!
You are too injured to fight recklessly!
You are too injured to fight recklessly!
Okay, then.
It was a potion of attraction.
You feel attractive to monsters. The hound barely misses you.
The hound bites you. The orc hits you but does no damage.
The endoplasm is pulled toward you!
Are you sure you want to abandon this character and quit the game? (Confirm with "yes".)

#.#.............
#.#.............
####.$.............
..................
##..#.............
.......$..........
# #......#
#.###..รท...#
#..@..##..##
#.ho.####.# #.J?..#
#.# ......... ...
.........## ....
.......... ...###
.........# ##.#
......####


You could see a hound, an orc and an endoplasm (wandering).

Vanquished Creatures
  A hound (D:5)
  An ufetubus (D:5)
  An orc (D:4)
  A hobgoblin (D:4)
4 creatures vanquished.

Notes
Turn   | Place    | Note
-------+----------+-------------------------------------------
     0 | D:5      | Kold the Demonspawn Delver began the quest for the Orb.
     0 | D:5      | Reached XP level 1. HP: 18/18 MP: 1/1
   148 | D:5      | Noticed a hound
   168 | D:5      | Killed a hound
   169 | D:5      | Gained mutation: Spells you cast may paralyse adjacent
                  | enemies. [demonic ancestry]
   169 | D:5      | Reached XP level 2. HP: 6/24 MP: 2/2
   169 | D:5      | Reached XP level 3. HP: 8/29 MP: 3/3
   424 | D:4      | Quit the game

Illustrated notes

Levels and vault maps discovered:
D:4:      layout_rooms
D:5:      layout_loops_cross, slow_altar_2, minmay_temple_entry_waves,
          serial_shops, shop

Skill      XL: |  1 |
---------------+----+-----
Axes           | 2 |  2.2
Dodging        | 2 |  2.2
Fighting       | |  3.4
Stealth        | |  4.8

Action                   || total
-------------------------++-------
Melee: Hand axe          ||    24
  Use: Potion            ||     2
 Stab: Sleeping          ||     1
Armor: Leather armour    ||     2
Dodge: Dodged            ||    29

Table legend: (Time is in decaauts)
 A = Elapsed time spent in this place.
 B = Non-inter-level travel time spent in this place.
 C = Inter-level travel time spent in this place.
 D = Time resting spent in this place.
 E = Time spent auto-exploring this place.
 F = Levels seen in this place.
 G = Mean time per level.
                   A        B        C        D        E       F      G
               +--------+--------+--------+--------+--------+-----+--------+
         Total |    410 |    410 |      0 |    214 |    132 |   2 |  205.0 |
       Dungeon |    410 |    410 |      0 |    214 |    132 |   2 |  205.0 |
               +--------+--------+--------+--------+--------+-----+--------+

Top non-repeatable levels by time:
     D:4: 228 daAuts
     D:5: 181 daAuts
